 Dungeon Crawl Stone Soup version 0.24-a0-250-g6074511 (webtiles) character file.

Game seed: 163009809572652296

7051 Hasart the Slicer (level 11, -3/67 HPs)
             Began as a Kobold Gladiator on Apr 15, 2019.
             Was a Priest of Wu Jian.
             Slain by a wolf (9 damage)
             ... on level 9 of the Dungeon.
             The game lasted 00:31:20 (10895 turns).

Hasart the Slicer (Kobold Gladiator)               Turns: 10895, Time: 00:31:20

Health: -3/67      AC:  6    Str: 14    XL:     11   Next: 30%
Magic:  15/15      EV: 20    Int: 10    God:    Wu Jian [***...]
Gold:   379        SH:  0    Dex: 17    Spells: 10/10 levels left

rFire    . . .     SeeInvis +   s - +3 dagger (elec)
rCold    . . .     Gourm    .   (shield restricted)
rNeg     . . .     Faith    .   v - +2 leather armour {MR+}
rPois    .         Spirit   .   c - +0 helmet
rElec    .         Reflect  .   (no cloak)
rCorr    .         Harm     .   (no gloves)
MR       +....                  (no boots)
Stlth    ++++......             (no amulet)
HPRegen  0.21/turn              y - ring of see invisible
MPRegen  0.14/turn              (no ring)

@: no status effects
A: small, carnivore
a: Wall Jump, Serpent's Lash, Renounce Religion


You were on level 9 of the Dungeon.
You worshipped Wu Jian.
Wu Jian was most pleased with you.
You were completely stuffed.

You visited 2 branches of the dungeon, and saw 10 of its levels.

You collected 379 gold pieces.

Inventory:

Hand Weapons
 a - a +0 rapier
 s - a +3 dagger of electrocution (weapon)
Missiles
 d - 5 throwing nets (quivered)
Armour
 c - a +0 helmet (worn)
 v - a +2 leather armour of magic resistance (worn)
Jewellery
 y - a ring of see invisible (left hand)
Wands
 b - a wand of iceblast (15)
 m - a wand of polymorph (5)
 u - a wand of enslavement (6)
 x - a wand of flame (15)
Scrolls
 g - 6 scrolls of identify
 h - 2 scrolls of teleportation
 k - a scroll of immolation
 n - 2 scrolls of amnesia
 o - a scroll of enchant armour
 r - a scroll of enchant weapon
 A - 2 scrolls of remove curse
 F - a scroll of noise {unknown}
 H - a scroll of summoning {unknown}
 J - 3 scrolls of magic mapping
 K - a scroll of blinking {unknown}
Potions
 e - a potion of flight
 i - 5 potions of brilliance
 j - a potion of resistance
 p - a potion of invisibility {unknown}
 t - 2 potions of haste
 w - 2 potions of agility {unknown}
 C - a potion of cancellation {unknown}
 D - a potion of heal wounds {unknown}
 E - a potion of mutation {unknown}
 G - a potion of berserk rage {unknown}
 I - 2 potions of magic {unknown}
Comestibles
 f - 15 rations


   Skills:
 + Level 7.5 Fighting
 * Level 12.3 Short Blades
 - Level 2.1 Throwing
 + Level 5.2 Armour
 + Level 8.6 Dodging
 + Level 9.1 Stealth
 + Level 6.1 Evocations


You had 10 spell levels left.
You didn't know any spells.
Your spell library contained the following spells:

 Spells                   Type           Power        Failure   Level  Hunger
 Confusing Touch          Hex            #.....       43%         1    ##.....
 Magic Dart               Conj           #...         43%         1    ##.....
 Summon Small Mammal      Summ           #...         43%         1    ##.....
 Blink                    Tloc           N/A          56%         2    ###....
 Call Imp                 Summ           #.......     56%         2    ###....
 Slow                     Hex            #.......     56%         2    ###....
 Call Canine Familiar     Summ           #.......     80%         3    ####...
 Confuse                  Hex            #.......     80%         3    ####...
 Conjure Flame            Conj/Fire      #.......     80%         3    ####...
 Gell's Gravitas          Tloc           #.........   80%         3    ####...
 Mephitic Cloud           Conj/Pois/Air  #.......     80%         3    ####...
 Summon Guardian Golem    Hex/Summ       #.......     80%         3    ####...
 Petrify                  Tmut/Erth      #.......     99%         4    #####..
 Summon Ice Beast         Ice/Summ       #.......     99%         4    #####..
 Summon Lightning Spire   Summ/Air       #.......     99%         4    #####..
 Metabolic Englaciation   Hex/Ice        #.........   100%        5    ######.
 Yara's Violent Unravell  Hex/Tmut       #.........   100%        5    ######.


Dungeon Overview and Level Annotations

Branches:
Dungeon (9/15)             Temple (0/1) D:7            Lair (1/6) D:9
    Orc: D:9-12

Altars:
Ashenzari
Hepliaklqana
Makhleb
Nemelex Xobeh
Vehumet
Wu Jian
Yredelemnul

Annotations:
D:3 Terence


Innate Abilities, Weirdness & Mutations

You are small and have problems with some larger weapons.
You are carnivorous and can eat meat at any time.


Message History

* * * LOW HITPOINT WARNING * * *
Things that are here:
a +0 plate armour; a +0 morningstar; an orc skeleton
Aiming: Wall Jump
Press: ? - help, Dir - move target cursor You repeatedly attack the yak from above.
You hit the yak.
The yak is almost dead.
You hit the yak but do no damage.
The yak is almost dead.
You hit the yak. Lightning courses through the yak!!
You kill the yak!
The Council accepts your kill.
You repeatedly attack the wolf from above.
You closely miss the wolf. You hit the wolf but do no damage. You hit the wolf.
The wolf is moderately wounded.
You barely miss the wolf.
The wolf is moderately wounded.
The wolf bites you!
You die...

##.##.##...................##....
.#.##.##.....P...........#.##....
............P.PPP.P.####...##.#.#
.........P...P.PP...........#.#.#
............P.....P..####.###.#.#
...........P.P.P.P.P........#.#.#
..........P.P####.P...####..#.#.#
.............#>°#P..P...........#
..........P†P#[h@°)PP...###.#...#
...(.....P.P.####P...P......#....
............P...P................
#####'###..P.P...PP..............
#.# #...P.P.P.P...#####...... #.#
##...P.P...P#............ #####.#
#....P...#.#######...#'#
...##.####.......##...........#.#
.................##########...#.#


You could see a wolf (pinned).

Vanquished Creatures
  Harold (D:8)
  A rime drake (D:9)
  2 hippogriffs
  Sigmund (D:2)
  Eustachio (D:6)
  3 yaks
  Grum (Lair:1)
  Edmund (D:6)
  Duvessa (D:4)
  A porcupine (D:9)
  A sky beast (D:5)
  A necrophage (D:7)
  2 orc warriors (D:9)
  3 phantoms
  A black bear (D:9)
  3 ice beasts (D:8)
  8 ogres
  4 wolves (D:9)
  A centaur (D:8)
  Dowan (D:4)
  10 bullfrogs
  3 scorpions
  5 wights (D:9)
  3 killer bees (D:9)
  5 electric eels (D:7)
  2 howler monkeys
  A crimson imp (D:3)
  2 centaur skeletons
  5 orc priests
  3 hounds
  4 bullfrog skeletons
  A jelly (D:5)
  5 orc wizards
  Jessica (D:3)
  3 worker ants
  2 hound zombies (D:5)
  A hound skeleton (D:8)
  A worker ant zombie (D:7)
  A howler monkey skeleton (D:9)
  3 gnolls
  9 adders
  A shadow imp (D:7)
  4 oozes
  5 worms
  A dart slug (D:1)
  4 leopard geckos
  33 orcs
  2 ball pythons
  7 giant cockroaches
  8 goblins
  8 hobgoblins
  7 jackals
  9 kobolds
  6 quokkas
  13 bats
  7 frilled lizards
  2 jackal skeletons
  A jackal zombie (D:5)
  A leopard gecko skeleton (D:4)
  8 rats
  A plant (D:7)
236 creatures vanquished.

Vanquished Creatures (others)
  3 fungi (D:9)
  3 plants
6 creatures vanquished.

Grand Total: 242 creatures vanquished

Notes
Turn   | Place    | Note
-------+----------+-------------------------------------------
     0 | D:1      | Hasart the Kobold Gladiator began the quest for the Orb.
     0 | D:1      | Reached XP level 1. HP: 12/12 MP: 1/1
   120 | D:1      | Reached XP level 2. HP: 10/18 MP: 2/2
   444 | D:1      | Reached skill level 1 in Stealth
   525 | D:1      | Reached XP level 3. HP: 22/22 MP: 3/3
  1203 | D:2      | Reached XP level 4. HP: 25/27 MP: 4/4
  1227 | D:2      | Noticed Sigmund
  1240 | D:2      | Killed Sigmund
  1240 | D:2      | Reached skill level 5 in Short Blades
  1240 | D:2      | Reached skill level 1 in Armour
  1240 | D:2      | Reached XP level 5. HP: 11/32 MP: 5/5
  1240 | D:2      | Reached XP level 6. HP: 13/37 MP: 6/6
  1719 | D:2      | Reached skill level 6 in Short Blades
  2361 | D:3      | Found a hazy altar of Hepliaklqana.
  2490 | D:3      | Noticed Terence
  3273 | D:3      | Noticed Jessica
  3278 | D:3      | Killed Jessica
  3719 | D:3      | Found a basalt altar of Yredelemnul.
  3722 | D:3      | Reached XP level 7. HP: 42/42 MP: 7/7
  3751 | D:4      | Found a burning altar of Makhleb.
  4008 | D:4      | Found an ornate altar of the Wu Jian Council.
  4014 | D:4      | Became a worshipper of the Wu Jian Council
  4066 | D:4      | Reached skill level 7 in Short Blades
  4066 | D:4      | Reached skill level 5 in Dodging
  4208 | D:4      | Noticed Duvessa
  4208 | D:4      | Noticed Dowan
  4225 | D:4      | Killed Duvessa
  4225 | D:4      | Reached XP level 8. HP: 37/48 MP: 8/8
  4235 | D:4      | Killed Dowan
  4616 | D:5      | Entered Level 5 of the Dungeon
  4664 | D:5      | Reached skill level 8 in Short Blades
  4950 | D:5      | Reached skill level 5 in Stealth
  4950 | D:5      | Reached skill level 1 in Evocations
  5232 | D:5      | You fall through a shaft for 3 floors!
  5232 | D:8      | Found a basalt altar of Yredelemnul.
  5254 | D:8      | Reached skill level 5 in Fighting
  5289 | D:8      | Reached * piety under Wu Jian
  5418 | D:8      | Found a sparkling altar of Nemelex Xobeh.
  5459 | D:8      | Found a radiant altar of Vehumet.
  5467 | D:8      | Reached XP level 9. HP: 54/54 MP: 10/10
  5639 | D:7      | Reached skill level 9 in Short Blades
  6252 | D:7      | Found a staircase to the Ecumenical Temple.
  7018 | D:6      | Reached ** piety under Wu Jian
  7025 | D:6      | Noticed Edmund
  7033 | D:6      | Killed Edmund
  7033 | D:6      | Reached skill level 10 in Short Blades
  7384 | D:6      | Noticed Eustachio
  7395 | D:6      | Killed Eustachio
  7395 | D:6      | Reached XP level 10. HP: 59/59 MP: 11/13
  7419 | D:6      | Found a shattered altar of Ashenzari.
  9241 | D:8      | Noticed Harold
  9247 | D:8      | Killed Harold
  9247 | D:8      | Reached skill level 11 in Short Blades
  9247 | D:8      | Reached skill level 5 in Evocations
  9411 | D:9      | Noticed a rime drake
  9411 | D:9      | a meliai changed into a rime drake
  9418 | D:9      | Killed a rime drake
  9956 | D:9      | Reached XP level 11. HP: 66/66 MP: 15/15
  9961 | D:9      | Reached *** piety under Wu Jian
 10205 | D:9      | Reached skill level 5 in Armour
 10284 | D:9      | Noticed a two-headed ogre
 10545 | D:9      | Found a staircase to the Lair.
 10547 | D:9      | Reached skill level 12 in Short Blades
 10553 | Lair:1   | Entered Level 1 of the Lair of Beasts
 10559 | Lair:1   | Noticed Grum
 10834 | Lair:1   | Killed Grum
 10895 | D:9      | Slain by a wolf

Levels and vault maps discovered:
D:1:      shiori_shiawase, layout_loops_ring, minmay_pentomino_q4
D:2:      layout_basic, uniq_sigmund
D:3:      layout_basic, marbit_many_paths, lemuel_crystal_altar, fountainhead,
          grunt_ministairs_8, bh_walls_and_bars, uniq_terence, uniq_jessica
D:4:      layout_loops_ring, old_standard_altar, lemuel_crystal_altar,
          first_ration, grunt_ministairs_9, uniq_duvessa
D:5:      layout_basic
D:6:      layout_cave_pools, lemuel_doored_altar,
          nicolae_overflow_hidden_temple, uniq_eustachio, uniq_edmund
D:7:      layout_loops_ring, minmay_temple_entry_mist, serial_bayou,
          serial_bayou_ford_a, serial_bayou_lagoon_a, serial_bayou_shore_b,
          serial_bayou_shore_a
D:8:      layout_loops_ring, nicolae_overflow_crystal_walls,
          vehumet_altar_wand_db, yredelemnul_altar_generic, uniq_harold
D:9:      layout_basic, grunt_lair_entry_orc_guard_hut
Lair:1:   layout_small_grid, uniq_grum, uniq_gastronok

Skill      XL: |  1  2  3  4  5  6  7  8  9 10 11 |
---------------+----------------------------------+-----
Stealth        | 1 2 3 4 5 7 8 9 |  9.1
Dodging        | 4 5 6 7 8 |  8.6
Fighting       | 3 4 5 6 7 |  7.5
Short Blades   | 5 6 7 8 10 11 12 | 12.3
Armour         | 1 2 3 4 5 |  5.2
Evocations     | 2 4 5 6 |  6.1
Throwing       | |  2.1

Action                   |  1- 3 |  4- 6 |  7- 9 | 10-12 || total
-------------------------+-------+-------+-------+-------++-------
Melee: Rapier            |   105 |   164 |       |       ||   269
       Dagger            |       |     1 |   296 |   330 ||   627
Invok: Lunge             |       |       |    36 |    30 ||    66
       Whirlwind         |       |       |     9 |    43 ||    52
 Abil: Wall Jump         |       |       |       |     3 ||     3
Evoke: Wand              |       |       |     5 |     7 ||    12
  Use: Potion            |       |     1 |     3 |     3 ||     7
       Scroll            |       |       |       |    10 ||    10
 Stab: Sleeping          |     4 |     6 |    28 |    10 ||    48
       Distracted        |       |     1 |       |     2 ||     3
  Eat: Chunk             |     9 |     7 |    13 |    11 ||    40
Armor: Leather armour    |    25 |    25 |    20 |    15 ||    85
Dodge: Dodged            |    93 |   142 |   113 |   143 ||   491

Table legend:
 A = Non-vault XP
 B = Vault XP
 C = Vault XP percentage of total XP
 D = Non-vault monster count
 E = Vault monster count
 F = Vault count percentage of total count
                 A         B        C        D         E       F
            +---------+---------+-------+---------+---------+-------
      Total |    6867 |    3207 |  31.8 |     210 |      25 |  10.6
            +---------+---------+-------+---------+---------+-------
        D:1 |      50 |       5 |   9.1 |      20 |       3 |  13.0
        D:2 |      88 |     208 |  70.3 |      25 |       1 |   3.8
        D:3 |     126 |      53 |  29.6 |      23 |       3 |  11.5
        D:4 |     314 |     354 |  53.0 |      20 |       4 |  16.7
        D:5 |     826 |       0 |   0.0 |      26 |       0 |   0.0
        D:6 |     729 |     372 |  33.8 |      15 |       2 |  11.8
        D:7 |     915 |       0 |   0.0 |      21 |       0 |   0.0
        D:8 |    1358 |    1009 |  42.6 |      18 |       2 |  10.0
        D:9 |    2063 |    1029 |  33.3 |      40 |       9 |  18.4
     Lair:1 |     398 |     177 |  30.8 |       2 |       1 |  33.3
            +---------+---------+-------+---------+---------+-------
